 Dungeon Crawl Stone Soup version 0.20-a0-870-g4070442 (webtiles) character file.

214 JeffiDaFish the Digger (level 5, -2/28 HPs)
             Began as a Gargoyle Earth Elementalist on Mar 13, 2017.
             Slain by a gnoll
             ... wielding a +0 flail
              (6 damage)
             ... on level 4 of the Dungeon.
             The game lasted 00:10:00 (2248 turns).

JeffiDaFish the Digger (GrEE)                       Turns: 2248, Time: 00:10:00

Health: -2/28      AC:  9    Str: 17    XL:     5   Next: 92%
Magic:  1/9        EV: 11    Int: 16    God:
Gold:   6          SH:  4    Dex: 13    Spells: 6/10 levels left

rFire    . . .     SeeInvis .   m - +4 spear "Teri" {pierce, Str+6}
rCold    . . .     Gourm    .   n - +1 leather armour
rNeg     + . .     Faith    .   o - +0 buckler
rPois    ∞         Spirit   .   (no helmet)
rElec    +         Reflect  .   i - +0 cloak
rCorr    .         Harm     .   (no gloves)
MR       .....                  (no boots)
Stlth    ++........             h - amulet of magic regeneration
Regen    0.1/turn               (no ring)
MPRegen  0.2/turn               j - +2 ring of dexterity

@: very slightly contaminated
A: negative energy resistance 1, electricity resistance, unbreathing,
petrification resistance, rot immunity, AC +4
a: no special abilities


You were on level 4 of the Dungeon.
You were very hungry.

You visited 1 branch of the dungeon, and saw 4 of its levels.

You collected 222 gold pieces.
You spent 216 gold pieces at shops.

Inventory:

Hand Weapons
 m - the +4 spear "Teri" (weapon) {pierce, Str+6}
   (You bought it in a shop on level 4 of the Dungeon)

   It inflicts extra damage upon your enemies.
   It affects your strength (+6).
Missiles
 b - 77 stones (quivered)
Armour
 i - a +0 cloak (worn)
 n - a +1 leather armour (worn)
 o - a +0 buckler (worn)
Jewellery
 h - an amulet of magic regeneration (around neck)
 j - a +2 ring of dexterity (left hand)
Scrolls
 f - a scroll of magic mapping
 g - 3 scrolls of identify
 k - 5 scrolls of remove curse
 p - a scroll of recharging
Potions
 c - a potion of magic
Books
 e - a book of Geomancy

   Spells                             Type                      Level
   a - Sandblast                      Earth                        1
   b - Passwall                       Transmutation/Earth          2
   c - Stone Arrow                    Conjuration/Earth            3
   d - Petrify                        Transmutation/Earth          4
   e - Lee's Rapid Deconstruction     Earth                        5
Comestibles
 d - 3 bread rations
 l - a royal jelly
 r - a meat ration


   Skills:
 - Level 0.4 Fighting
   Level 0.5 Short Blades
 + Level 0.5 Polearms
 - Level 0.2 Armour
 - Level 1.6 Dodging
 - Level 2.5 Stealth
 * Level 2.5 Shields
 + Level 3.1 Spellcasting
 - Level 0.9 Conjurations
   Level 0.7 Transmutations
 + Level 5.3 Earth Magic


You had 6 spell levels left.
You knew the following spells:

 Your Spells              Type           Power        Failure   Level  Hunger
a - Sandblast             Erth           ###...       3%          1    None
b - Stone Arrow           Conj/Erth      ##....       28%         3    ###....


Dungeon Overview and Level Annotations

Branches:
Dungeon (4/15)
 Temple: D:4-7

Altars:
Nemelex Xobeh

Shops:
D:4 *


Innate Abilities, Weirdness & Mutations

You are resistant to torment.
Your stone body is resilient. (AC +4)
You are immune to poison.
You resist negative energy. (rN+)
You are resistant to electric shocks. (rElec)
You can survive without breathing.
You are immune to petrification.
You are immune to rotting.


Message History

You miscast Sandblast.
Nothing appears to happen.
The gnoll closely misses you.
Casting: Sandblast
Confirm with . or Enter, or press ? or * to list all spells.
Aiming: Sandblast
Press: ? - help, Shift-Dir - straight line, f/p - gnoll
Aim: a gnoll, wielding a flail The blast of sand hits the gnoll.
The gnoll is moderately wounded.
b - 77 stones You closely miss the gnoll.
The gnoll is moderately wounded.
The gnoll hits you with a flail.
You hit the gnoll.
The gnoll is severely wounded.
The gnoll hits you with a flail!
* * * LOW HITPOINT WARNING * * *
You hit the gnoll.
The gnoll is almost dead.
The gnoll hits you with a flail.
You die...

......# #..........
....o.######........#
.......#.o).........#
#.
.........###.....(..#
#.
.......#.........).>#
#. #
.......####..<......#
#. .# .......#
#.........# #.####.#
......## #####.#####
#..#.$. .....##
#.@g).# ##.#.# #.####
#####.####....####
#.# #....#.......#
###..........##
#∩#......)...
........#...>......
##########.....#...
#........#.
#.......###


You could see a gnoll.

Vanquished Creatures
  A hound (D:4)
  2 worker ants (D:4)
  3 gnolls (D:4)
  4 adders
  A worm (D:2)
  2 dart slugs (D:1)
  2 leopard geckos
  6 orcs
  2 giant cockroaches (D:2)
  4 goblins
  5 hobgoblins
  6 jackals (D:1)
  8 kobolds
  5 bats
  5 frilled lizards
  5 rats
61 creatures vanquished.

Notes
Turn   | Place    | Note
-------+----------+-------------------------------------------
     0 | D:1      | JeffiDaFish the Gargoyle Earth Elementalist began the quest for the Orb.
     0 | D:1      | Reached XP level 1. HP: 10/10 MP: 3/3
   343 | D:1      | Reached skill level 4 in Earth Magic
   474 | D:1      | Reached XP level 2. HP: 15/15 MP: 1/5
   650 | D:1      | Reached XP level 3. HP: 17/19 MP: 6/6
  1160 | D:2      | Reached XP level 4. HP: 24/24 MP: 8/8
  1215 | D:2      | Learned a level 3 spell: Stone Arrow
  1387 | D:3      | Found a sparkling altar of Nemelex Xobeh.
  1774 | D:3      | Reached skill level 5 in Earth Magic
  1954 | D:4      | Reached skill level 1 in Shields
  1954 | D:4      | Reached XP level 5. HP: 20/28 MP: 2/9
  2030 | D:4      | Found Gijih's Assorted Antiques.
  2204 | D:4      | Bought a twisted spear for 216 gold pieces
  2204 | D:4      | Identified the +4 spear "Teri" {pierce, Str+6} (You bought it in a shop on level 4 of the Dungeon)
  2248 | D:4      | Slain by a gnoll

Vault maps used:
D:1:      wheals_arrival_shading
D:2:      grunt_decor_mini_mirrors
D:3:      nemelex_xobeh_ov_fountains_minmay
D:4:      first_bread, serial_shops, shop, makhleb_blood_cavern_becter,
          uniq_crazy_yiuf_cottage

Skill      XL: |  1  2  3  4  5 |
---------------+----------------+-----
Earth Magic    | 4 5 |  5.3
Shields        | 1 2 |  2.5
Spellcasting   | 3 |  3.1
Fighting       | |  0.4
Short Blades   | |  0.5
Polearms       | |  0.5
Armour         | |  0.2
Dodging        | |  1.6
Stealth        | |  2.5
Conjurations   | |  0.9
Transmutations | |  0.7

Action                   |  1- 3 |  4- 6 || total
-------------------------+-------+-------++-------
Melee: Unarmed           |     4 |       ||     4
       Dagger            |    75 |    80 ||   155
       Spear             |       |    15 ||    15
 Cast: Sandblast         |    19 |    12 ||    31
       Stone Arrow       |       |     5 ||     5
  Use: Scroll            |     7 |     3 ||    10
       Potion            |     1 |     3 ||     4
 Stab: Sleeping          |     4 |     3 ||     7
  Eat: Chunk             |     1 |     3 ||     4
Armor: Robe              |    38 |     7 ||    45
       Leather armour    |       |    19 ||    19
Dodge: Dodged            |    49 |    54 ||   103
Block: Buckler           |       |    14 ||    14
